 Dungeon Sprint DCSS version 0.30-a0-802-gb92711bcdf (webtiles) character file.

Game seed: 4572365579888259910

7300000 BigDaddyOpFi the Intangible (level 27, -112/228 HPs)
             Began as a Djinni Warper on Feb 24, 2023.
             Was the Champion of Makhleb.
             Annihilated by a sculptor of flesh
             ... wielding a +9 great sword
              (227 damage)
             ... in the Dungeon (Sprint VIII: "Arena of Blood").
             The game lasted 00:01:40 (73 turns).

BigDaddyOpFi the Intangible (Djinni Warper)           Turns: 73, Time: 00:01:40

Health: -112/228   AC:  6    Str: 10    XL:     27
Gold:   0          EV: 37    Int: 16    God:    Makhleb [******] SH:  0 Dex: 26

rFire   + + .      SeeInvis .    h - +∞ Axe of Woe
rCold   x . .      Faith    .    (shield currently unavailable)
rNeg    . . .      Spirit   .    a - +0 leather armour
rPois   ∞          Reflect  .    (no helmet)
rElec   .          Harm     .    (no cloak)
rCorr   .          Rampage  .    (no gloves)
Will    ++...      NoTele   +    (boots unavailable)
Stlth   ++++++++++               (no amulet)
HPRegen 0.58/turn                (no ring)
MPRegen 0.00/turn                (no ring)

@: flying, slowed, very slow
A: sickness immunity, fire resistance 2, cold vulnerability 1, float, innate
caster, HP casting, extra vitality 1
a: Renounce Religion, Minor Destruction, Lesser Servant of Makhleb, Major
Destruction, Greater Servant of Makhleb


You were in the Dungeon.
You worshipped Makhleb.
Makhleb was exalted by your worship.
You visited 1 branch

Inventory:

Hand Weapons
 h - the +∞ Axe of Woe (weapon)
   (You found it in the Dungeon)
Missiles
 c - 7 boomerangs of dispersal (quivered)
Armour
 a - a +0 leather armour (worn)
Scrolls
 b - 2 scrolls of blinking
Potions
 d - a potion of curing
 e - a potion of heal wounds
 f - a potion of haste
 g - a potion of berserk rage


   Skills:
 O Level 27 Fighting
 O Level 27 Short Blades
 O Level 27 Long Blades
 O Level 27 Axes
 O Level 27 Maces & Flails
 O Level 27 Polearms
 O Level 27 Staves
 O Level 27 Ranged Weapons
 O Level 27 Throwing
 O Level 27 Armour
 O Level 27 Dodging
 O Level 27 Stealth
 O Level 27 Shields
 O Level 27 Unarmed Combat
 O Level 27 Spellcasting
 O Level 27 Invocations
 O Level 27 Evocations


You knew the following spells:

 Your Spells              Type           Power      Damage    Failure   Level
a - Blink                 Tloc           100%       N/A       0%          2
b - Lesser Beckoning      Tloc           100%       N/A       0%          2
c - Vhi's Electric Charg  Tloc/Air       100%       N/A       0%          3
d - Teleport Other        Tloc           82%        N/A       0%          3
e - Manifold Assault      Tloc           82%        N/A       0%          4
f - Sandblast             Erth           100%       2d20      0%          1
g - Static Discharge      Conj/Air       100%       2-7/arc   0%          2
h - Confusing Touch       Hex            82%        N/A       0%          3
i - Gell's Gravitas       Tloc           82%        N/A       0%          3
j - Summon Lightning Spi  Summ/Air       82%        N/A       0%          4
k - Arcjolt               Conj/Air       41%        1d51      0%          5
l - Eringya's Noxious Bo  Tmut/Pois      41%        N/A       0%          6
m - Conjure Ball Lightni  Conj/Air       41%        3x3d13    0%          6
n - Spellforged Servitor  Conj/Summ      41%        N/A       1%          7
o - Maxwell's Capacitive  Air            41%        ∞         1%          8
p - Disjunction           Tloc           41%        N/A       1%          8
q - Summon Horrible Thin  Summ           41%        N/A       1%          8
r - Fire Storm            Conj/Fire      41%        8d10      2%          9
Your spell library was empty.

Dungeon Overview and Level Annotations

Branches:
Dungeon (1/1)

Altars:
Makhleb


Innate Abilities, Weirdness & Mutations

You are immune to sickness and miasma.
You are immune to poison.
Your flesh is very heat resistant. (rF++)
You are vulnerable to cold. (rC-)
You float through the air rather than walking.
You learn spells naturally, not from books.
Your magical power is your life essence.
You have superior vitality. (+4 MHP)


Message History

You hear a shout! x11
A bag of meat comes into view. It is wielding a +9 war axe.
You hear a shout!
Unknown command.
You hit the meat berserker.
You cleave the meat berserker in twain.
You kill the meat berserker!
Makhleb accepts your kill.
You feel better.
You slice one of the eight-headed meat hydra's heads off!
The seven-headed meat hydra grows two more!
You hit the nine-headed meat hydra.
You slaughter the nine-headed meat hydra joyfully.
You kill the nine-headed meat hydra!
Makhleb accepts your kill.
You feel better.
You hear a shout! x10
A meat berserker comes into view. It is wielding a +9 battleaxe.
You hear a shout! x6
Unknown command.
You slash the bag of meat!
You hew the bag of meat savagely.
You kill the bag of meat!
Makhleb accepts your kill.
You feel better.
The eight-headed meat hydra appears out of thin air!
An eight-headed meat hydra comes into view.
You hear a shout! x13
Casting: Vhi's Electric Charge (safe; 0% risk of failure)
Confirm with . or Enter, or press ? or * to list all spells.
Charge where?
Press: ? - help, Dir - move target, f - bag of meat
Aim: a bag of meat, wielding a +9 war axe and wearing a +30 ring of slaying (heavily wounded, 100% to hit)
Okay, then.
You hear a shout! x10
The dread calls on the powers of darkness!
Your body is wracked with pain!
The large bag of meat convulses!
Flame seeps out of the large bag of meat.
The bag of meat convulses!
The meat berserker convulses!
The sculptor of flesh hits you with a +9 great sword!!!!!
Ouch! That really hurt!
You die...

................. ..
O....#.#....... ...
o............####...
.........))).........
.........).).........
.........))).........
.........)W.)))......
#.......#.))))......
#.......#..@))......
.###....°.§###z))......
......###.°§§..O......#
......_....D.o........
..#....)#...o..O#.#..
#_.<)_#............
#..V))#......#.#o#.
......_............ .
......###o.......


You could see an eight-headed meat hydra (wandering), a sculptor of flesh, a
large bag of meat (inner flame), a dread, a meat berserker (berserk) and 2 bags
of meat.

Vanquished Creatures
  3 hell beasts (D)
  4 royal mummies (D)
  A wraith (D)
  12 vampire knights (D)
  24 ogres (D)
  6 two-headed ogres (D)
  2 liches (D)
  2 hydras (D)
  58 orcs (D)
  5 skeletal warriors (D)
117 creatures vanquished.

Vanquished Creatures (others)
  An orc (D)
1 creature vanquished.

Grand Total: 118 creatures vanquished

Notes
Turn   | Place    | Note
-------+----------+-------------------------------------------
     0 | D        | Found the +∞ Axe of Woe
     0 | D        | BigDaddyOpFi the Djinni Warper began the quest for the Orb.
     0 | D        | BigDaddyOpFi set off with the following spells memorised:
                  | Blink, Lesser Beckoning, Vhi's Electric Charge, Teleport
                  | Other, Manifold Assault.
     0 | D        | Reached XP level 1. HP: 18/18 MP: 0/0
     2 | D        | Noticed a bag of meat
     4 | D        | Became a worshipper of Makhleb the Destroyer
     4 | D        | Noticed a bag of meat
     4 | D        | Noticed a meat berserker
     5 | D        | Noticed a bag of meat
     5 | D        | Noticed a bag of meat
     5 | D        | Noticed a bag of meat
     5 | D        | Noticed a bag of meat
     6 | D        | Killed a meat berserker
     6 | D        | Noticed a bag of meat
     7 | D        | Reached skill level 10 in Fighting
     7 | D        | Reached skill level 10 in Armour
     7 | D        | Reached skill level 10 in Unarmed Combat
     7 | D        | Reached skill level 10 in Invocations
     7 | D        | Reached XP level 2. HP: 36/36 MP: 0/0
     7 | D        | Reached XP level 3. HP: 41/41 MP: 0/0
     7 | D        | Learned a level 1 spell: Sandblast
     7 | D        | Reached XP level 4. HP: 47/47 MP: 0/0
     7 | D        | Reached XP level 5. HP: 52/52 MP: 0/0
     7 | D        | Learned a level 2 spell: Static Discharge
     7 | D        | Reached XP level 6. HP: 58/58 MP: 0/0
     7 | D        | Reached XP level 7. HP: 64/64 MP: 0/0
     7 | D        | Learned a level 3 spell: Confusing Touch
     7 | D        | Reached XP level 8. HP: 69/69 MP: 0/0
     7 | D        | Reached XP level 9. HP: 75/75 MP: 0/0
     7 | D        | Learned a level 3 spell: Gell's Gravitas
     7 | D        | Reached XP level 10. HP: 81/81 MP: 0/0
     7 | D        | Reached XP level 11. HP: 86/86 MP: 0/0
     7 | D        | Learned a level 4 spell: Summon Lightning Spire
     7 | D        | Reached XP level 12. HP: 92/92 MP: 0/0
     7 | D        | Noticed a bag of meat
     8 | D        | Killed a bag of meat
     8 | D        | Reached * piety under Makhleb
     8 | D        | Noticed a bag of meat
     9 | D        | Reached skill level 10 in Stealth
     9 | D        | Reached XP level 13. HP: 99/99 MP: 0/0
     9 | D        | Learned a level 5 spell: Arcjolt
    10 | D        | Killed a bag of meat
    10 | D        | Noticed a bag of meat
    11 | D        | Reached skill level 10 in Axes
    11 | D        | Reached skill level 10 in Throwing
    11 | D        | Killed a bag of meat
    11 | D        | Killed a bag of meat
    11 | D        | Reached ** piety under Makhleb
    11 | D        | Killed a bag of meat
    11 | D        | Killed a bag of meat
    11 | D        | Noticed a bag of meat
    11 | D        | Noticed a meat berserker
    12 | D        | Reached skill level 15 in Dodging
    12 | D        | Reached XP level 14. HP: 99/112 MP: 0/0
    12 | D        | Reached XP level 15. HP: 103/117 MP: 0/0
    12 | D        | Learned a level 6 spell: Eringya's Noxious Bog
    12 | D        | Reached *** piety under Makhleb
    14 | D        | Reached skill level 15 in Fighting
    14 | D        | Reached skill level 15 in Armour
    14 | D        | Reached skill level 15 in Unarmed Combat
    14 | D        | Reached skill level 15 in Invocations
    16 | D        | Reached **** piety under Makhleb
    16 | D        | Killed a meat berserker
    16 | D        | Noticed a meat berserker
    17 | D        | Reached skill level 15 in Stealth
    17 | D        | Reached XP level 16. HP: 77/129 MP: 0/0
    18 | D        | Reached ***** piety under Makhleb
    18 | D        | Noticed a destroyer
    19 | D        | Reached XP level 17. HP: 70/137 MP: 0/0
    19 | D        | Learned a level 6 spell: Conjure Ball Lightning
    19 | D        | Killed a meat berserker
    20 | D        | Reached skill level 15 in Axes
    20 | D        | Reached skill level 15 in Throwing
    21 | D        | Killed a destroyer
    22 | D        | Reached skill level 15 in Spellcasting
    22 | D        | Reached XP level 18. HP: 94/148 MP: 0/0
    23 | D        | Noticed a large bag of meat
    23 | D        | Noticed a large bag of meat
    23 | D        | Noticed a destroyer
    24 | D        | Killed a large bag of meat
    24 | D        | Noticed a meat berserker
    24 | D        | Noticed a large bag of meat
    25 | D        | Reached XP level 19. HP: 146/157 MP: 0/0
    25 | D        | Learned a level 7 spell: Spellforged Servitor
    25 | D        | Killed a large bag of meat
    25 | D        | Noticed a meat berserker
    26 | D        | Noticed a large bag of meat
    26 | D        | Noticed a large bag of meat
    26 | D        | Noticed a meat berserker
    26 | D        | Noticed a meat berserker
    26 | D        | Killed a meat berserker
    26 | D        | Reached ****** piety under Makhleb
    26 | D        | Noticed a meat berserker
    26 | D        | Noticed an eight-headed meat hydra
    27 | D        | Noticed a sculptor of flesh
    27 | D        | Noticed a large bag of meat
    27 | D        | Noticed a destroyer
    28 | D        | Noticed a meat berserker
    29 | D        | Killed a meat berserker
    29 | D        | Killed a meat berserker
    29 | D        | Killed a meat berserker
    30 | D        | Reached XP level 20. HP: 169/169 MP: 0/0
    30 | D        | Killed a large bag of meat
    32 | D        | Reached XP level 21. HP: 174/179 MP: 0/0
    32 | D        | Learned a level 8 spell: Maxwell's Capacitive Coupling
    32 | D        | Noticed a meat berserker
    33 | D        | Killed a meat berserker
    34 | D        | Reached skill level 27 in Dodging
    34 | D        | Killed a large bag of meat
    34 | D        | Noticed a destroyer
    34 | D        | HP: 5/182 [meat berserker/+9 battleaxe (80)]
    35 | D        | Reached XP level 22. HP: 5/191 MP: 0/0
    35 | D        | Killed a destroyer
    35 | D        | Killed a destroyer
    35 | D        | Killed a large bag of meat
    35 | D        | Killed a meat berserker
    35 | D        | Noticed a destroyer
    36 | D        | Reached skill level 27 in Fighting
    36 | D        | Reached skill level 27 in Armour
    36 | D        | Reached skill level 27 in Unarmed Combat
    36 | D        | Reached skill level 27 in Invocations
    37 | D        | Killed a destroyer
    37 | D        | Killed a destroyer
    38 | D        | Reached skill level 27 in Stealth
    38 | D        | Reached XP level 23. HP: 68/201 MP: 0/0
    38 | D        | Learned a level 8 spell: Disjunction
    38 | D        | Noticed a destroyer
    38 | D        | Killed a large bag of meat
    40 | D        | Noticed a destroyer
    42 | D        | Noticed an accursed
    43 | D        | Noticed a destroyer
    43 | D        | Killed a destroyer
    44 | D        | Reached skill level 27 in Axes
    44 | D        | Reached skill level 27 in Throwing
    44 | D        | Noticed a destroyer
    45 | D        | Reached skill level 27 in Spellcasting
    45 | D        | Noticed an accursed
    46 | D        | Noticed a destroyer
    47 | D        | Killed a destroyer
    48 | D        | Reached XP level 24. HP: 200/208 MP: 0/0
    48 | D        | Noticed a destroyer
    48 | D        | Killed an accursed
    49 | D        | Killed a destroyer
    50 | D        | Noticed a tyrant
    51 | D        | Noticed an accursed
    51 | D        | Noticed a tyrant
    53 | D        | Killed a tyrant
    54 | D        | Reached XP level 25. HP: 199/214 MP: 0/0
    54 | D        | Learned a level 8 spell: Summon Horrible Things
    54 | D        | Noticed an accursed
    55 | D        | Killed a tyrant
    56 | D        | Reached skill level 27 in Maces & Flails
    56 | D        | Reached skill level 27 in Polearms
    57 | D        | Reached XP level 26. HP: 221/221 MP: 0/0
    57 | D        | Killed an accursed
    58 | D        | Reached skill level 27 in Staves
    58 | D        | Killed a destroyer
    59 | D        | Noticed a destroyer
    60 | D        | Reached skill level 15 in Shields
    60 | D        | Reached skill level 15 in Evocations
    60 | D        | Reached XP level 27. HP: 169/228 MP: 0/0
    60 | D        | Learned a level 9 spell: Fire Storm
    60 | D        | Noticed a dread
    61 | D        | Killed an accursed
    61 | D        | Killed a destroyer
    61 | D        | Noticed a meat beast
    64 | D        | Noticed a meat beast
    64 | D        | Killed a destroyer
    64 | D        | Noticed a meat beast
    65 | D        | Killed a meat beast
    65 | D        | Killed an accursed
    66 | D        | Reached skill level 27 in Short Blades
    66 | D        | Reached skill level 27 in Long Blades
    66 | D        | Reached skill level 27 in Ranged Weapons
    66 | D        | Reached skill level 27 in Shields
    66 | D        | Reached skill level 27 in Evocations
    66 | D        | Killed a destroyer
    66 | D        | Killed a meat beast
    67 | D        | Noticed a dread
    68 | D        | Killed a meat beast
    68 | D        | Noticed a large bag of meat
    69 | D        | Killed a dread
    73 | D        | Annihilated by a sculptor of flesh

Illustrated notes

Levels and vault maps discovered:
D:        meatsprint

Skill      XL: |  1  2  3  4  5  6  7  8  9 10 11 12 13 14 15 16 17 18 19 20 21 22 23 24 25 26 27 |
---------------+----------------------------------------------------------------------------------+-----
Fighting       | 10 11 14 16 17 19 20 22 24 25 27 | 27.0
Axes           | 8 9 12 14 16 17 19 20 22 25 27 | 27.0
Throwing       | 8 9 12 14 16 17 19 20 22 25 27 | 27.0
Armour         | 10 11 14 16 17 19 20 22 24 26 27 | 27.0
Dodging        | 11 12 15 18 19 21 22 24 25 27 | 27.0
Stealth        | 9 10 13 15 16 18 19 21 22 24 27 | 27.0
Unarmed Combat | 10 11 14 16 17 19 20 22 24 25 27 | 27.0
Spellcasting   | 8 9 11 13 15 16 18 19 20 23 27 | 27.0
Invocations    | 10 11 14 16 17 19 20 22 24 25 27 | 27.0
Maces & Flails | 14 26 27 | 27.0
Polearms       | 14 26 27 | 27.0
Staves         | 22 27 | 27.0
Short Blades   | 14 27 | 27.0
Long Blades    | 14 27 | 27.0
Ranged Weapons | 13 27 | 27.0
Shields        | 15 27 | 27.0
Evocations     | 15 27 | 27.0

Action                     |  1- 3 |  4- 6 |  7- 9 | 10-12 | 13-15 | 16-18 | 19-21 | 22-24 | 25-27 || total
---------------------------+-------+-------+-------+-------+-------+-------+-------+-------+-------++-------
  Melee: Executioner's axe |     1 |       |       |     1 |     5 |     8 |    10 |    17 |    17 ||    59
   Cast: Vhi's Electric Ch |       |       |       |       |       |     1 |     2 |     2 |       ||     5
 Invoke: Major Destruction |       |       |       |       |       |       |       |     1 |       ||     1
  Dodge: Dodged            |       |       |       |       |       |       |       |       |     3 ||     3

Table legend: (Time is in decaauts)
 A = Elapsed time spent in this place.
 B = Non-inter-level travel time spent in this place.
 C = Inter-level travel time spent in this place.
 D = Time resting spent in this place.
 E = Time spent auto-exploring this place.
 F = Levels seen in this place.
 G = Mean time per level.
                   A        B        C        D        E       F      G
               +--------+--------+--------+--------+--------+-----+--------+
         Total |     70 |     70 |      0 |      0 |      0 |   1 |   70.0 |
       Dungeon |     70 |     70 |      0 |      0 |      0 |   1 |   70.0 |
               +--------+--------+--------+--------+--------+-----+--------+

Top non-repeatable levels by time:
       D: 70 daAuts
